Map: Rooftop Terrace

Players

Rugi

  • Race: Terran Terran
  • League: Master
  • Spawn Location: 5:00

Loken

  • Race: Protoss Protoss
  • League: Platinum
  • Spawn Location: 6:00

Myran

  • Race: Protoss Protoss
  • Spawn Location: 6:00

Scaramanga - Winner!

  • Race: Terran Terran
  • Spawn Location: 12:00

TimeTwist - Winner!

  • Race: Protoss Protoss
  • Spawn Location: 1:00

FrogMint - Winner!

  • Race: Zerg Zerg
  • Spawn Location: 12:00

VOD

Have the link to the VOD?

Description

Time

  • Played on: March 13, 2017, 6:11 p.m.
  • Length: 21:47
Show
View Real Time Build Order
Export as new Build Order

Rugi Terran 

Build Orders: Command Center First (CC), MMM Bio 

Get SALT Encoding   

  12  0:00  SCV  
  13  0:12  SCV  
  14  0:22  Supply Depot  
  14  0:26  SCV  
  15  0:44  SCV  
  16  0:56  SCV  
  17  1:02  Command Center  
  17  1:08  SCV  
  18  1:20  SCV  
  18  1:24  Barracks  
  19  1:32  SCV  
  20  1:34  Barracks  
  20  1:44  SCV  
  21  1:56  SCV  
  22  2:06  Barracks  
  22  2:16  Orbital Command x2  
  22  2:20  Refinery  
  22  2:22  Refinery  
  22  2:23  Marine  
  22  2:28  Marine  
  24  2:41  Marine  
  25  2:46  SCV x2, Marine  
  25  2:49  Supply Depot  
  28  2:53  Barracks Tech Lab  
  28  2:58  SCV  
  29  3:06  SCV  
  29  3:10  SCV  
  31  3:15  Stimpack, Marine x2  
  31  3:16  Marine  
  31  3:18  SCV  
  35  3:25  SCV  
  36  3:30  SCV, Factory  
  37  3:35  Marine x2  
  37  3:37  SCV, Marine  
  41  3:42  SCV, Supply Depot  
  41  3:48  Engineering Bay  
  42  3:49  SCV  
  42  3:50  Engineering Bay  
  42  3:54  SCV  
  44  3:59  Supply Depot  
  44  4:01  SCV  
  45  4:03  Barracks Reactor  
  45  4:06  SCV  
  46  4:13  SCV  
  46  4:14  Barracks Reactor  
  47  4:19  Starport  
  47  4:20  SCV  
  47  4:22  Bunker  
  48  4:26  SCV  
  48  4:28  Refinery  
  48  4:31  Refinery  
  49  4:36  Factory Reactor  
  49  4:38  Marine  
  49  4:39  SCV  
  49  4:40  SCV  
  52  4:47  Terran Infantry Weapons Level 1  
  52  4:50  Terran Infantry Armor Level 1  
  52  4:51  SCV  
  52  4:52  SCV  
  54  4:54  Marine x3, Supply Depot  
  54  4:55  Marine  
  54  4:56  Marine  
  59  5:01  Missile Turret  
  59  5:03  SCV  
  59  5:04  Missile Turret  
  60  5:10  SCV  
  61  5:15  SCV  
  61  5:20  Marine  
  61  5:21  Marine x3  
  65  5:22  Marauder, SCV  
  69  5:40  Marine  
  69  5:42  Missile Turret  
  70  5:49  Supply Depot  
  70  5:53  Missile Turret  
  70  6:04  Command Center  
  70  6:10  SCV, Marine x3  
  70  6:11  Marauder  
  76  6:21  Medivac  
  78  6:42  Armory  
  78  6:45  Supply Depot  
  78  6:47  Supply Depot  
  78  6:48  Supply Depot  
  78  7:07  Marauder, Marine x4, Medivac  
  86  7:11  SCV  
  86  7:12  Supply Depot  
  87  7:16  Planetary Fortress  
  87  7:19  SCV  
  87  7:20  Missile Turret x2  
  88  7:23  SCV  
  88  7:25  Missile Turret, Reaper  
  88  7:28  Terran Infantry Weapons Level 2  
  88  7:29  Marauder, Terran Infantry Armor Level 2  
  92  7:43  Medivac  
  92  7:44  Medivac  
  96  7:48  Factory Reactor  
  97  7:51  SCV x2  
  97  7:54  SCV, Starport  
  97  7:56  Barracks  
  97  7:57  Barracks  
  99  8:03  SCV x2, Marine  
  99  8:04  Marine x4  
  106  8:06  SCV  
  107  8:15  SCV x2  
  109  8:44  Marauder, Marine x2  
  109  8:45  Barracks Tech Lab  
  109  8:46  Barracks Reactor, Marine x2  
  109  8:47  Medivac x2  
  111  9:06  Marauder, SCV  
  114  9:12  Barracks x2  
  114  9:14  Barracks x2  
  114  9:15  Refinery  
  114  9:16  SCV x2, Refinery  
  116  9:17  Barracks, Medivac  
  118  9:25  SCV  
  118  9:26  Marine  
  118  9:27  Marauder, Marine x3  
  118  9:31  Command Center  
  125  9:32  Marine x2  
  125  9:33  Marauder, SCV, Supply Depot  
  125  9:36  Combat Shields  
  125  9:38  Concussive Shells  
  130  9:41  SCV x2  
  130  9:44  Marine  
  133  9:46  Missile Turret  
  133  9:50  Terran Infantry Weapons Level 3  
  133  9:54  Marine x3, Medivac  
  133  9:56  Terran Infantry Armor Level 3  
  133  9:59  Supply Depot  
  138  10:01  Supply Depot  
  138  10:02  Barracks  
  138  10:03  SCV  
  138  10:06  SCV x2  
  141  10:07  Missile Turret  
  141  10:21  Barracks Reactor x3, Barracks Tech Lab  
  141  10:22  Liberator x2, Barracks Tech Lab  
  141  10:23  Liberator  
  141  10:28  Liberator  
  141  10:30  SCV  
  141  10:33  Factory Tech Lab  
  142  10:35  Marine x2  
  142  10:36  Marine x3  
  142  10:37  Factory  
  159  10:55  SCV x4  
  163  11:00  Supply Depot  
  163  11:03  Widow Mine  
  165  11:04  Drilling Claws  
  165  11:07  SCV x2  
  165  11:08  Marine  
  165  11:09  Marine x5  
  165  11:11  SCV  
  175  11:15  Planetary Fortress  
  175  11:17  Missile Turret  
  174  11:19  SCV x2  
  174  11:22  Barracks Tech Lab  
  174  11:23  SCV  
  177  11:28  Marauder x2, Marine x6  
  177  11:29  Marauder  
  177  11:30  Marine  
  177  11:31  Marine  
  182  11:57  Missile Turret  
  181  12:07  Missile Turret  
  180  12:17  Missile Turret  
  180  12:18  Missile Turret, Marine x2  
  180  12:19  Marauder x4, Marine x4  
  180  12:20  Marauder  
  196  12:33  Marine x3  
  196  13:03  Supply Depot  
  196  13:05  Marine  
  196  13:06  Marine x3  
  196  13:07  Marauder x4, Marine x5  
  196  13:08  Marine, Supply Depot  
  196  13:09  Marauder, Marine x2  
  193  13:23  Marine  
  193  13:24  Marine  
  193  13:26  Marine  
  193  13:27  Marine x4  
  196  13:34  Marauder, Liberator x3  
  166  13:47  Marine  
  166  13:48  Marauder x3, Marine x7  
  158  13:49  Marauder, Marine  
  158  13:51  Medivac  
  158  13:53  Marine x2  
  158  13:54  Widow Mine  
  175  13:55  Marauder  
  174  14:12  Marauder, Marine x2  
  175  14:21  Medivac  
  175  14:23  Widow Mine  
  175  14:25  Marine x3  
  175  14:26  Marauder x3, Marine x4  
  175  14:27  Marauder  
  175  14:29  Marine  
  175  14:30  Marine x4  
  195  14:34  Marauder  
  196  15:00  Medivac  
  197  15:16  Liberator x2  
  164  15:23  Marine x2  
  164  15:24  Marauder x4, Marine x7  
  164  15:25  Marauder, Marine x3  
  184  15:39  Command Center  
  184  15:41  Marine  
  169  15:45  Marauder  
  169  15:46  Marauder x2  
  168  16:04  Viking x2  
  172  16:16  Viking  
  174  16:21  Viking  
  176  16:31  Marauder, Marine x5  
  176  16:32  Marauder, Marine x3  
  188  16:34  Viking x2  
  192  16:43  Widow Mine  
  192  16:46  Factory Reactor  
  194  16:53  Terran Ship Weapons Level 1  
  194  16:54  Viking x2  
  198  17:03  Ghost Academy  
  190  17:29  Marauder, Marine x3  
  191  17:30  Marauder  
  184  17:40  Liberator  
  168  17:44  Marine x2  
  168  17:45  Marauder x2  
  168  17:47  Marine  
  162  18:36  Marine  
  162  18:37  Marauder, Marine x7  
  162  18:38  Marine x6  
  162  18:39  Marine  
  177  19:20  Marauder x2, Marine x6  
  177  19:21  Marauder x3, Marine x5  
  189  19:42  Marauder  
  154  19:49  Marauder, Marine x5  
  154  19:50  Marauder x3, Marine x3  
  168  20:28  Marauder x2, Marine x5  
  167  20:29  Marauder  
  147  20:48  Medivac  
Show
View Real Time Build Order
Export as new Build Order

Loken Protoss 

Build Orders:  

Get SALT Encoding   

  12  0:01  Probe (Chrono Boost)  
  13  0:11  Probe (Chrono Boost)  
  14  0:20  Pylon  
  14  0:23  Probe (Chrono Boost)  
  15  0:38  Probe (Chrono Boost)  
  16  0:49  Probe (Chrono Boost)  
  17  0:59  Probe (Chrono Boost)  
  18  1:10  Probe (Chrono Boost)  
  19  1:14  Nexus  
  19  1:20  Probe (Chrono Boost)  
  20  1:31  Gateway, Probe (Chrono Boost)  
  21  1:41  Probe (Chrono Boost)  
  22  1:52  Assimilator  
  22  1:56  Assimilator  
  22  1:58  Pylon  
  22  2:07  Probe (Chrono Boost)  
  23  2:17  Probe (Chrono Boost)  
  23  2:20  Cybernetics Core  
  24  2:25  Pylon  
  24  2:27  Gateway  
  24  2:41  Zealot  
  24  2:52  Probe (Chrono Boost)  
  23  3:00  Mothership Core (Chrono Boost)  
  23  3:02  Probe (Chrono Boost)  
  24  3:05  Warp Gate  
  27  3:12  Adept  
  27  3:13  Probe (Chrono Boost)  
  27  3:22  Probe (Chrono Boost)  
  27  3:23  Probe (Chrono Boost)  
  29  3:33  Probe (Chrono Boost)  
  29  3:34  Probe (Chrono Boost)  
  31  3:44  Pylon  
  31  3:45  Probe (Chrono Boost)  
  30  4:15  Adept x2  
  35  4:18  Probe x2 (Chrono Boost)  
  36  4:29  Probe (Chrono Boost)  
  36  4:30  Probe (Chrono Boost)  
  38  4:35  Gateway x2  
  38  4:39  Probe (Chrono Boost)  
  38  4:42  Probe (Chrono Boost)  
  38  4:43  Pylon  
  40  4:50  Probe (Chrono Boost)  
  42  4:54  Probe (Chrono Boost)  
  42  4:57  Assimilator  
  42  4:59  Assimilator  
  42  5:00  Probe (Chrono Boost)  
  42  5:06  Probe (Chrono Boost)  
  44  5:11  Probe (Chrono Boost)  
  45  5:18  Probe (Chrono Boost)  
  44  5:21  Probe (Chrono Boost)  
  36  5:38  Probe (Chrono Boost)  
  29  5:49  Probe (Chrono Boost)  
  28  5:54  Stalker x2  
  28  5:55  Stalker x2  
  36  5:59  Probe (Chrono Boost)  
  36  6:00  Forge  
  36  6:10  Probe (Chrono Boost)  
  32  6:20  Probe (Chrono Boost)  
  33  6:31  Probe (Chrono Boost)  
  32  6:41  Probe (Chrono Boost)  
  32  6:42  Stalker x4  
  32  6:45  Photon Cannon  
  41  6:52  Photon Cannon, Probe (Chrono Boost)  
  40  7:02  Probe (Chrono Boost)  
  38  7:13  Probe (Chrono Boost)  
  39  7:17  Photon Cannon  
  39  7:19  Probe (Chrono Boost)  
  40  7:23  Probe (Chrono Boost)  
  42  7:30  Probe (Chrono Boost)  
  42  7:34  Probe (Chrono Boost)  
  39  7:40  Probe (Chrono Boost)  
  35  7:51  Probe (Chrono Boost)  
  33  8:05  Photon Cannon  
  33  8:08  Photon Cannon  
  33  8:09  Probe (Chrono Boost)  
  35  8:20  Probe (Chrono Boost)  
  35  8:30  Probe x2 (Chrono Boost)  
  37  8:40  Probe (Chrono Boost)  
  38  8:42  Probe (Chrono Boost)  
  39  8:51  Probe (Chrono Boost)  
  39  8:53  Probe (Chrono Boost)  
  41  9:09  Probe (Chrono Boost)  
  42  9:11  Probe (Chrono Boost)  
  43  9:20  Probe (Chrono Boost)  
  43  9:22  Probe (Chrono Boost)  
  43  9:23  Pylon  
  45  9:30  Probe (Chrono Boost)  
  46  9:32  Probe (Chrono Boost)  
  43  9:41  Probe (Chrono Boost)  
  43  9:43  Probe (Chrono Boost)  
  43  9:51  Probe (Chrono Boost)  
  44  9:53  Protoss Ground Weapons Level 1, Probe (Chrono Boost)  
  45  10:02  Probe (Chrono Boost)  
  45  10:04  Probe (Chrono Boost)  
  47  10:08  Stargate  
  47  10:13  Probe (Chrono Boost)  
  47  10:14  Stargate  
  48  10:15  Probe (Chrono Boost)  
  48  10:20  Pylon  
  49  10:23  Probe (Chrono Boost)  
  49  10:24  Photon Cannon  
  49  10:25  Probe (Chrono Boost)  
  51  10:34  Probe (Chrono Boost)  
  52  10:36  Probe (Chrono Boost)  
  53  10:44  Probe (Chrono Boost)  
  53  10:46  Probe (Chrono Boost)  
  55  10:55  Probe (Chrono Boost)  
  56  10:57  Probe (Chrono Boost)  
  56  10:58  Stalker x2  
  56  10:59  Stalker  
  56  11:02  Stalker  
  64  11:05  Probe (Chrono Boost)  
  64  11:07  Probe (Chrono Boost)  
  66  11:16  Probe (Chrono Boost)  
  67  11:26  Probe (Chrono Boost)  
  67  11:27  Probe (Chrono Boost)  
  69  11:37  Probe (Chrono Boost)  
  70  11:41  Photon Cannon  
  70  11:46  Photon Cannon  
  70  11:50  Pylon  
  70  11:52  Pylon  
  70  11:55  Pylon  
  70  11:57  Probe (Chrono Boost)  
  57  12:11  Photon Cannon  
  47  12:42  Nexus  
  36  13:34  Nexus  
  36  13:57  Probe (Chrono Boost)  
  37  14:05  Probe (Chrono Boost)  
  37  14:07  Probe (Chrono Boost)  
  39  14:10  Assimilator  
  39  14:13  Assimilator  
  39  14:15  Probe (Chrono Boost)  
  40  14:18  Pylon, Probe (Chrono Boost)  
  40  14:21  Pylon  
  41  14:25  Gateway  
  41  14:26  Probe (Chrono Boost)  
  41  14:28  Probe (Chrono Boost)  
  43  14:36  Probe (Chrono Boost)  
  44  14:39  Probe (Chrono Boost)  
  45  14:46  Nexus  
  45  14:47  Probe (Chrono Boost)  
  45  14:50  Pylon  
  46  14:55  Forge  
  46  15:15  Probe (Chrono Boost)  
  46  15:16  Probe x2 (Chrono Boost)  
  49  15:24  Cybernetics Core  
  49  15:25  Probe (Chrono Boost)  
  49  15:27  Probe x2 (Chrono Boost)  
  52  15:29  Assimilator  
  52  15:33  Photon Cannon, Assimilator  
  52  15:35  Photon Cannon  
  52  15:36  Probe (Chrono Boost)  
  52  15:37  Probe x2 (Chrono Boost)  
  52  15:40  Pylon  
  55  15:46  Probe (Chrono Boost)  
  55  15:48  Probe (Chrono Boost)  
  57  15:52  Probe (Chrono Boost)  
  59  15:57  Probe (Chrono Boost)  
  59  15:58  Probe (Chrono Boost)  
  59  16:03  Probe (Chrono Boost)  
  59  16:04  Stargate x2  
  61  16:06  Stargate  
  61  16:13  Stargate x2  
  61  16:15  Photon Cannon  
  61  16:23  Pylon  
  61  16:25  Pylon  
  61  16:28  Pylon  
  61  16:45  Probe x4 (Chrono Boost)  
  65  16:50  Assimilator  
  65  16:52  Assimilator  
  65  16:55  Photon Cannon, Probe x3 (Chrono Boost)  
  65  16:56  Probe (Chrono Boost)  
  65  16:58  Photon Cannon  
  65  17:00  Photon Cannon  
  69  17:04  Photon Cannon  
  69  17:06  Probe x4 (Chrono Boost)  
  77  17:08  Photon Cannon  
  93  17:18  Probe x2 (Chrono Boost)  
  35  18:14  Pylon  
  35  18:17  Pylon  
  35  18:19  Nexus  
  34  18:48  Gateway, Cybernetics Core  
  19  19:12  Nexus  
  19  19:19  Nexus  
  19  19:31  Stargate  
  19  19:33  Stargate  
  19  19:35  Stargate  
  19  19:37  Stargate  
  19  19:41  Stargate  
  19  20:45  Probe x3 (Chrono Boost)  
  22  20:55  Probe x3 (Chrono Boost)  
  25  20:57  Pylon  
  25  21:06  Probe x3 (Chrono Boost)  
  28  21:16  Probe x2 (Chrono Boost)  
  28  21:17  Probe (Chrono Boost)  
  22  21:27  Probe x3 (Chrono Boost)  
Show
View Real Time Build Order
Export as new Build Order

Myran Protoss 

Build Orders:  

Get SALT Encoding   

  12  0:02  Probe (Chrono Boost)  
  13  0:12  Probe (Chrono Boost)  
  14  0:26  Pylon  
  14  0:37  Probe (Chrono Boost)  
  15  0:46  Gateway  
  15  0:47  Probe (Chrono Boost)  
  16  0:51  Assimilator  
  16  0:58  Probe (Chrono Boost)  
  17  1:08  Probe (Chrono Boost)  
  18  1:19  Probe (Chrono Boost)  
  19  1:30  Probe (Chrono Boost)  
  20  1:37  Pylon, Zealot  
  22  1:44  Cybernetics Core  
  22  1:46  Probe (Chrono Boost)  
  23  1:56  Probe (Chrono Boost)  
  24  2:07  Probe (Chrono Boost)  
  25  2:10  Zealot  
  25  2:11  Gateway  
  27  2:23  Warp Gate  
  27  2:24  Nexus  
  27  2:26  Probe (Chrono Boost)  
  28  2:37  Stalker  
  28  2:40  Probe (Chrono Boost)  
  28  2:42  Assimilator  
  31  2:50  Pylon  
  31  3:09  Stalker, Probe (Chrono Boost)  
  31  3:11  Stalker  
  36  3:21  Probe (Chrono Boost)  
  37  3:30  Gateway  
  37  3:33  Pylon, Probe (Chrono Boost)  
  38  3:38  Probe (Chrono Boost)  
  39  3:44  Probe (Chrono Boost)  
  39  3:47  Stalker  
  42  3:49  Probe (Chrono Boost)  
  42  3:55  Probe (Chrono Boost)  
  44  3:59  Probe (Chrono Boost)  
  45  4:05  Probe (Chrono Boost)  
  45  4:06  Stalker  
  48  4:31  Stalker  
  48  4:32  Stalker  
  48  4:35  Probe (Chrono Boost)  
  48  4:38  Twilight Council  
  53  4:42  Pylon  
  54  4:45  Forge, Probe (Chrono Boost)  
  54  4:47  Probe (Chrono Boost)  
  54  4:52  Assimilator  
  55  4:58  Probe (Chrono Boost)  
  55  4:59  Zealot  
  58  5:00  Zealot  
  58  5:06  Probe (Chrono Boost)  
  61  5:08  Probe (Chrono Boost)  
  62  5:17  Nexus  
  62  5:19  Probe (Chrono Boost)  
  61  5:29  Probe (Chrono Boost)  
  61  5:34  Photon Cannon  
  60  5:57  Charge  
  60  6:01  Probe (Chrono Boost)  
  61  6:21  Pylon  
  61  6:25  Probe (Chrono Boost)  
  62  6:26  Pylon  
  62  6:30  Probe (Chrono Boost)  
  63  6:33  Stalker, Assimilator  
  63  6:34  Stalker x2  
  63  6:36  Probe (Chrono Boost)  
  70  6:40  Probe (Chrono Boost)  
  70  6:42  Dark Shrine  
  70  6:46  Probe (Chrono Boost)  
  72  6:50  Gateway x2  
  72  6:51  Probe (Chrono Boost)  
  72  6:52  Gateway  
  73  6:56  Pylon  
  73  7:01  Probe (Chrono Boost)  
  73  7:02  Pylon, Zealot x3  
  80  7:08  Protoss Ground Weapons Level 1  
  80  7:12  Probe (Chrono Boost)  
  80  7:15  Probe (Chrono Boost)  
  83  7:22  Probe (Chrono Boost)  
  83  7:25  Probe (Chrono Boost)  
  83  7:28  Probe (Chrono Boost)  
  85  7:33  Probe (Chrono Boost)  
  85  7:36  Assimilator, Probe (Chrono Boost)  
  87  7:37  Assimilator  
  87  7:44  Probe (Chrono Boost)  
  88  7:46  Probe (Chrono Boost)  
  89  7:58  Blink  
  89  8:00  Dark Templar x4  
  89  8:01  Dark Templar x2  
  101  8:19  Archon x3  
  101  8:40  Zealot x3  
  101  8:41  Zealot x2  
  109  8:43  Zealot  
  109  8:48  Protoss Shields Level 1  
  113  9:04  Forge  
  113  9:12  Gateway x2  
  113  9:14  Pylon  
  113  9:20  Robotics Facility  
  113  9:23  Pylon  
  113  9:28  Zealot x2  
  117  9:32  Pylon  
  117  9:35  Pylon  
  117  9:39  Dark Templar x3  
  117  9:40  Dark Templar  
  117  9:43  Archon  
  117  9:44  Archon  
  125  9:48  Protoss Ground Weapons Level 2  
  125  10:11  Observer  
  126  10:21  Dark Templar x3  
  128  10:22  Dark Templar x2  
  128  10:24  Dark Templar  
  128  10:25  Dark Templar  
  128  10:27  Protoss Ground Armor Level 1  
  140  10:31  Archon x3  
  140  10:33  Observer  
  140  10:34  Dark Templar  
  143  10:40  Archon  
  143  10:54  Stalker, Immortal  
  149  11:07  Pylon  
  149  11:12  Pylon  
  149  11:17  Pylon  
  149  11:20  Pylon  
  149  11:25  Pylon  
  149  11:33  Stalker, Pylon, Immortal  
  149  11:34  Stalker x3  
  149  11:35  Stalker x2  
  149  11:36  Stalker  
  149  11:37  Pylon  
  167  11:40  Stalker  
  167  11:41  Pylon  
  169  12:12  Immortal  
  173  12:16  Photon Cannon  
  173  12:17  Photon Cannon  
  173  12:20  Photon Cannon  
  173  12:23  Photon Cannon  
  173  12:27  Photon Cannon  
  173  12:29  Photon Cannon  
  173  12:32  Photon Cannon  
  173  12:36  Photon Cannon  
  167  12:38  Photon Cannon  
  161  12:46  Photon Cannon  
  141  12:57  Protoss Ground Weapons Level 3  
  105  13:00  Zealot, Protoss Ground Armor Level 2  
  105  13:01  Zealot x4  
  105  13:02  Zealot  
  105  13:03  Zealot x2  
  79  13:23  Dark Templar  
  79  13:24  Dark Templar x3  
  79  13:25  Dark Templar  
  79  13:26  Dark Templar x3  
  89  14:04  Zealot x2  
  89  14:05  Zealot x3  
  89  14:06  Zealot  
  89  14:07  Zealot x2  
  97  14:30  Stalker  
  97  14:31  Stalker x2  
  101  14:33  Zealot  
  101  14:34  Zealot x3  
  101  14:36  Stalker  
  75  15:20  Dark Templar  
  75  15:21  Dark Templar x4  
  79  15:22  Dark Templar  
  87  15:30  Stalker  
  87  15:34  Zealot  
  91  16:06  Protoss Ground Armor Level 3  
  91  16:07  Protoss Shields Level 2  
  89  16:23  Immortal  
  93  16:29  Zealot x4  
  93  16:31  Zealot x2  
  93  16:32  Zealot  
  107  16:34  Dark Templar  
  109  17:02  Observer  
  109  17:04  Stalker  
  109  17:05  Stalker x3  
  109  17:06  Stalker x2  
  109  17:07  Stalker x2  
  122  17:24  Nexus  
  70  17:42  Zealot  
  70  17:43  Zealot x4  
  74  17:44  Zealot x2  
  74  18:18  Dark Templar x4  
  74  18:19  Dark Templar x2  
  86  18:21  Dark Templar x2  
  86  19:32  Zealot x4  
  86  19:33  Zealot x2  
  86  19:34  Zealot  
  86  19:35  Zealot  
  76  20:17  Dark Templar x3  
  76  20:18  Dark Templar  
Show
View Real Time Build Order
Export as new Build Order

Scaramanga Terran - Winner!

Build Orders: Reaper Expand, Hellion Banshee, MMM Bio 

Get SALT Encoding   

  12  0:01  SCV  
  13  0:13  SCV  
  14  0:18  Supply Depot  
  14  0:25  SCV  
  15  0:39  SCV  
  15  0:41  Barracks  
  16  0:47  Refinery  
  16  0:51  SCV  
  17  1:04  SCV  
  18  1:16  SCV  
  19  1:33  Orbital Command  
  19  1:35  Reaper  
  20  1:52  Command Center  
  19  1:58  SCV  
  20  2:12  Factory, Marine  
  21  2:16  SCV  
  21  2:20  Supply Depot  
  22  2:28  SCV  
  23  2:42  SCV  
  23  2:43  Barracks Reactor  
  24  2:54  SCV  
  25  3:05  Orbital Command, Refinery  
  24  3:06  SCV  
  25  3:18  Starport  
  25  3:29  Barracks, Hellion x2  
  25  3:30  Barracks, Barracks Tech Lab  
  25  3:31  SCV  
  25  3:32  SCV  
  31  3:43  SCV  
  31  3:44  SCV  
  33  3:50  Hellion x2  
  38  3:55  SCV  
  38  3:56  SCV  
  39  4:04  Barracks Tech Lab  
  39  4:07  SCV  
  39  4:08  SCV  
  41  4:21  SCV x2  
  43  4:25  Banshee  
  46  4:31  Barracks Reactor, Barracks Tech Lab  
  46  4:40  Supply Depot  
  46  4:41  Supply Depot x2  
  46  4:50  SCV x2, Hellion x2  
  52  4:59  Stimpack  
  52  5:02  SCV x2  
  54  5:07  Engineering Bay  
  54  5:08  Banshee  
  54  5:09  Engineering Bay  
  58  5:14  SCV  
  54  5:22  SCV  
  54  5:26  SCV  
  54  5:29  Marauder, Marine x2  
  54  5:30  Marauder  
  54  5:34  SCV  
  61  5:38  SCV  
  62  5:43  Factory Tech Lab  
  62  5:44  Refinery  
  62  5:45  Refinery  
  62  5:46  SCV  
  62  5:47  Marine x2  
  65  5:50  SCV  
  65  5:51  Marauder x2  
  65  5:52  Missile Turret  
  70  6:01  SCV  
  70  6:02  SCV  
  72  6:04  Marine  
  72  6:08  Siege Tank  
  76  6:13  SCV, Command Center  
  76  6:14  SCV  
  78  6:35  Missile Turret  
  78  6:42  Missile Turret  
  78  6:44  Supply Depot  
  78  6:45  Supply Depot x2  
  78  7:00  Combat Shields  
  78  7:05  Marauder x2, SCV x2, Marine x2  
  78  7:07  Factory, Medivac x2  
  90  7:17  SCV x2  
  92  7:23  Marine x2  
  92  7:27  Marauder x2, Supply Depot  
  92  7:29  SCV  
  99  7:50  Orbital Command  
  99  7:52  Refinery, SCV x2  
  101  8:04  SCV x2  
  103  8:10  Barracks  
  103  8:11  Barracks  
  103  8:16  Starport, SCV  
  103  8:18  SCV x2, Armory  
  106  8:20  Armory  
  106  8:28  SCV, Siege Tank x2  
  106  8:30  SCV  
  103  8:54  Missile Turret  
  103  9:00  SCV x3, Siege Tank  
  107  9:07  Starport Tech Lab  
  107  9:08  Viking x2  
  111  9:12  SCV x3  
  111  9:16  Refinery  
  114  9:24  SCV  
  115  9:38  Viking x2  
  119  9:49  Medivac, Command Center  
  119  9:50  Marine  
  119  9:51  Marauder, Marine  
  119  9:52  Terran Vehicle Weapons Level 1  
  125  9:53  Terran Vehicle And Ship Armor Level 1  
  126  10:07  Barracks Reactor  
  126  10:08  Barracks Reactor, Medivac x2  
  126  10:10  Terran Infantry Weapons Level 1  
  126  10:11  Terran Infantry Armor Level 1  
  129  10:20  Marine x2  
  129  10:21  Marine x2  
  132  10:23  Supply Depot  
  132  10:24  Supply Depot  
  133  10:45  Marauder, Marine x2, Medivac x2  
  133  10:46  Marauder  
  133  10:47  Supply Depot  
  133  10:48  Marine x4  
  133  10:49  Supply Depot  
  147  10:55  Supply Depot  
  147  11:00  Supply Depot  
  147  11:02  Marine x2, Supply Depot  
  147  11:06  Marine x4  
  147  11:07  Marauder  
  147  11:08  Marauder  
  155  11:13  Orbital Command  
  155  11:19  Supply Depot  
  155  11:20  Marine x2  
  155  11:23  Marine  
  155  11:24  Marine x3  
  161  11:27  Marine  
  161  11:28  Marine  
  161  11:29  Siege Tank x2  
  169  11:38  Marine x2  
  169  11:39  Orbital Command  
  171  11:41  Marine  
  171  11:42  Marine x3  
  171  11:45  Marine  
  167  12:01  Siege Tank  
  167  12:02  Siege Tank  
  169  12:36  Marine x3  
  169  12:37  Marine  
  170  12:49  Marine x2  
  170  12:50  Marauder x2  
  176  12:53  Marine  
  176  12:54  Marine x3  
  180  13:02  Terran Infantry Weapons Level 2, Terran Infantry Armor Level 2  
  180  13:04  Terran Vehicle Weapons Level 2, Terran Vehicle And Ship Armor Level 2  
  180  13:05  Siege Tank  
  180  13:06  Siege Tank  
  180  13:07  Marine x2  
  180  13:11  Marauder x2, Marine  
  180  13:12  Marine  
  194  13:14  Marine x2  
  196  13:24  Marine  
  196  13:25  Marine  
  198  13:29  Marine  
  198  13:30  Marine  
  196  13:38  Siege Tank x2  
  188  13:46  Marine x4  
  169  14:01  Marine  
  169  14:02  Marauder x2, Marine  
  173  14:04  Marine x4  
  177  14:10  Siege Tank x2  
  177  14:11  Barracks  
  177  14:13  Barracks  
  177  14:15  Refinery  
  167  14:19  Marine  
  167  14:23  Marauder  
  167  14:24  Marauder  
  168  14:35  Marine  
  168  14:36  Marine x4  
  168  14:37  Refinery, Marine  
  174  14:42  Siege Tank  
  174  14:45  Marauder x2  
  181  14:53  Marine x3  
  181  14:54  Marine x2  
  181  14:55  Marine  
  187  15:03  Marine  
  187  15:04  Marine  
  187  15:06  Marine x2  
  191  15:07  Medivac x3  
  191  15:11  Marine x3  
  148  15:21  Marine x2  
  148  15:23  Marine  
  148  15:24  Marine  
  121  15:29  Marine x3  
  121  15:30  Marine x3  
  121  15:35  Siege Tank x2  
  133  15:37  Medivac x3  
  133  15:39  Marine x2  
  133  15:41  Marine  
  133  15:42  Marine  
  143  15:45  Terran Vehicle Weapons Level 3  
  143  15:46  Terran Vehicle And Ship Armor Level 3  
  143  15:47  Terran Infantry Weapons Level 3, Marine x4  
  143  15:48  Marine x2  
  149  15:57  Marine x2  
  149  16:00  Marauder x2  
  155  16:07  Medivac x2, Siege Tank x2  
  165  16:21  Marauder x2  
  165  16:23  Marine  
  165  16:24  Marine x6  
  176  16:39  Siege Tank  
  179  16:42  Marauder  
  179  16:43  Marauder  
  183  17:02  Command Center  
  183  17:04  Marauder x2  
  187  17:08  Command Center  
  186  17:17  Marine x3  
  189  17:25  Marauder x2  
  187  17:35  Marine  
  185  17:45  Marine  
  185  17:46  Barracks Reactor, Barracks Tech Lab  
  185  17:48  Marine x5  
  185  17:49  Marine  
  192  17:53  Marine  
  193  18:03  Marine  
  194  18:06  Marine x6  
  162  18:40  Marine x2  
  162  18:41  Marine x5  
  150  18:42  Marine x4  
  150  18:45  Medivac x2  
  150  18:46  Medivac  
  150  18:47  Siege Tank x2  
  151  18:58  Marine x3  
  151  18:59  Marine  
  151  19:00  Marauder x2  
  151  19:01  Marauder, Marine x3  
  151  19:02  Marine  
  165  19:15  Medivac x2  
  169  19:19  Orbital Command, Siege Tank x2  
  169  19:22  Marauder x3  
  181  19:27  Marine  
  182  19:43  Marauder x3  
  180  20:04  Marauder  
  182  20:12  Marine  
  182  20:13  Marine x9  
  192  20:25  Marine  
  190  20:30  Marine  
  190  20:31  Marine x7  
  198  20:36  Marine  
  198  20:37  Marine  
  197  21:12  Marauder, Marine  
Show
View Real Time Build Order
Export as new Build Order

TimeTwist Protoss - Winner!

Build Orders: Dark Templar Rush 

Get SALT Encoding   

  12  0:06  Probe (Chrono Boost)  
  13  0:15  Pylon  
  13  0:21  Probe (Chrono Boost)  
  14  0:31  Probe (Chrono Boost)  
  15  0:36  Gateway  
  15  0:42  Probe (Chrono Boost)  
  16  0:52  Assimilator, Probe (Chrono Boost)  
  17  1:03  Probe (Chrono Boost)  
  18  1:13  Probe (Chrono Boost)  
  18  1:17  Pylon  
  19  1:24  Probe (Chrono Boost)  
  19  1:25  Cybernetics Core  
  20  1:33  Assimilator  
  20  1:34  Probe (Chrono Boost)  
  20  1:38  Zealot  
  23  1:45  Probe (Chrono Boost)  
  24  2:06  Gateway x2  
  24  2:12  Probe (Chrono Boost)  
  24  2:15  Warp Gate  
  25  2:19  Pylon  
  26  2:23  Probe (Chrono Boost)  
  26  2:37  Mothership Core (Chrono Boost), Twilight Council  
  28  2:43  Twilight Council  
  28  2:48  Stalker  
  30  2:55  Stalker  
  33  2:59  Probe (Chrono Boost)  
  33  3:10  Stalker  
  36  3:13  Probe (Chrono Boost)  
  36  3:23  Dark Shrine  
  36  3:37  Probe (Chrono Boost)  
  37  3:47  Nexus  
  37  3:53  Pylon  
  37  4:16  Probe (Chrono Boost)  
  38  4:27  Pylon  
  38  4:31  Probe (Chrono Boost)  
  39  4:48  Dark Templar x2  
  39  4:49  Dark Templar  
  45  5:01  Probe (Chrono Boost)  
  46  5:08  Probe (Chrono Boost)  
  46  5:11  Probe (Chrono Boost)  
  48  5:18  Probe (Chrono Boost)  
  48  5:20  Robotics Facility  
  49  5:24  Pylon  
  49  5:25  Pylon  
  49  5:54  Stalker x3  
  53  6:25  Observer, Dark Templar x2  
  55  6:30  Probe (Chrono Boost)  
  55  6:31  Probe (Chrono Boost)  
  60  6:35  Pylon  
  60  6:37  Pylon  
  60  6:39  Pylon  
  58  6:40  Gateway  
  58  6:42  Gateway  
  58  6:43  Probe (Chrono Boost)  
  59  6:48  Probe (Chrono Boost)  
  59  6:51  Assimilator  
  59  6:53  Assimilator  
  61  6:55  Probe (Chrono Boost)  
  61  6:59  Probe (Chrono Boost)  
  61  7:00  Dark Templar  
  64  7:06  Charge  
  62  7:08  Nexus  
  62  7:11  Pylon  
  64  7:23  Probe x2 (Chrono Boost)  
  64  7:32  Forge  
  64  7:34  Forge  
  64  7:35  Probe x2 (Chrono Boost)  
  64  7:40  Pylon  
  64  7:45  Immortal  
  64  7:46  Stalker x3  
  64  7:47  Probe x2 (Chrono Boost)  
  76  8:06  Gateway  
  76  8:07  Photon Cannon  
  76  8:10  Gateway, Robotics Bay  
  76  8:16  Photon Cannon  
  76  8:19  Probe (Chrono Boost)  
  76  8:21  Probe (Chrono Boost)  
  76  8:26  Immortal  
  76  8:30  Protoss Ground Armor Level 1  
  76  8:31  Protoss Ground Weapons Level 1  
  80  8:36  Probe (Chrono Boost)  
  80  8:37  Probe (Chrono Boost)  
  80  8:38  Probe (Chrono Boost)  
  84  8:49  Probe (Chrono Boost)  
  84  8:58  Assimilator  
  84  9:00  Probe (Chrono Boost)  
  85  9:03  Zealot x3, Assimilator  
  85  9:05  Sentry  
  85  9:06  Sentry  
  95  9:10  Probe (Chrono Boost)  
  95  9:13  Colossus  
  102  9:21  Probe (Chrono Boost)  
  103  9:27  Sentry x2  
  103  9:28  Zealot  
  103  9:29  Zealot x2  
  113  9:31  Probe (Chrono Boost)  
  113  9:34  Extended Thermal Lance  
  114  9:42  Probe (Chrono Boost)  
  115  9:47  Photon Cannon  
  116  9:52  Probe (Chrono Boost)  
  116  10:03  Probe (Chrono Boost)  
  116  10:05  Colossus  
  116  10:06  Zealot x3  
  116  10:07  Zealot  
  125  10:08  Zealot  
  133  10:16  Protoss Ground Weapons Level 2, Protoss Ground Armor Level 2  
  133  10:37  Probe (Chrono Boost)  
  133  10:38  Probe (Chrono Boost)  
  135  10:45  Nexus  
  135  10:48  Pylon  
  135  10:51  Pylon  
  135  10:55  Probe x2 (Chrono Boost)  
  137  11:00  Colossus  
  137  11:06  Pylon  
  143  11:11  Pylon  
  143  11:14  Pylon  
  143  11:15  Photon Cannon  
  143  11:24  Zealot x3  
  143  11:25  Zealot x2  
  153  11:26  Zealot x2  
  157  11:44  Robotics Facility  
  157  11:45  Pylon  
  157  11:49  Pylon  
  157  11:54  Colossus  
  157  11:56  Stalker x2  
  157  11:57  Stalker x3  
  157  11:59  Stalker  
  173  12:38  Colossus  
  138  12:59  Colossus  
  138  13:02  Zealot  
  138  13:03  Zealot x3  
  138  13:04  Zealot  
  138  13:05  Dark Templar  
  132  13:06  Dark Templar  
  108  13:27  Colossus  
  108  13:34  Dark Templar x3  
  112  13:35  Stalker x2  
  104  13:45  Colossus  
  104  13:47  Zealot x2  
  110  13:57  Zealot  
  110  13:59  Zealot  
  114  14:03  Assimilator  
  114  14:07  Assimilator  
  114  14:11  Protoss Ground Armor Level 3, Protoss Ground Weapons Level 3  
  114  14:12  Zealot x3  
  114  14:13  Zealot  
  114  14:14  Zealot  
  114  14:15  Zealot  
  120  14:19  Colossus  
  120  14:30  Blink  
  120  14:32  Colossus  
  120  14:38  Stalker x6  
  126  14:39  Stalker  
  126  14:44  Probe (Chrono Boost)  
  135  14:54  Probe (Chrono Boost)  
  120  15:16  Zealot x2  
  120  15:17  Stalker x3, Zealot x2  
  134  15:22  Probe (Chrono Boost)  
  135  15:31  Immortal  
  135  15:32  Probe (Chrono Boost)  
  136  15:36  Immortal  
  144  15:53  Zealot x3  
  144  15:54  Stalker x3  
  144  15:55  Sentry  
  158  15:59  Nexus  
  158  16:01  Pylon  
  158  16:05  Immortal  
  162  16:15  Immortal  
  162  16:18  Pylon  
  166  16:21  Photon Cannon  
  166  16:22  Photon Cannon  
  166  16:24  Photon Cannon  
  166  16:28  Photon Cannon  
  166  16:31  Pylon  
  166  16:34  Stalker  
  166  16:35  Stalker x4  
  166  16:36  Stalker  
  166  16:38  Sentry  
  180  16:42  Observer  
  181  16:55  Observer  
  182  17:07  Stalker x3  
  182  17:08  Stalker x2  
  192  17:09  Stalker  
  170  17:33  Colossus  
  164  17:40  Colossus  
  114  17:53  Stalker x5  
  114  17:54  Stalker x2  
  126  18:17  Zealot  
  126  18:18  Zealot x3  
  126  18:19  Zealot x2, Colossus  
  138  18:20  Zealot  
  140  18:30  Assimilator  
  140  18:33  Assimilator, Colossus  
  151  18:43  Probe (Chrono Boost)  
  151  18:44  Stalker  
  151  18:45  Stalker  
  151  18:46  Stalker x2  
  151  18:47  Stalker x2  
  151  18:48  Stalker  
  166  18:54  Probe (Chrono Boost)  
  167  19:01  Stargate x2  
  167  19:19  Stalker x3  
  167  19:20  Stalker x3  
  167  19:22  Stalker  
  179  19:53  Stalker  
  179  19:54  Stalker x2  
  179  19:55  Stalker x3  
  179  19:56  Stalker  
  197  20:18  Zealot x3  
  197  20:19  Zealot  
  193  20:32  Dark Templar  
  193  20:33  Dark Templar x2  
  167  20:43  Dark Templar x2  
  167  20:44  Dark Templar x2  
  174  21:01  Stalker x2  
  162  21:29  Pylon  
  142  21:34  Pylon  
  142  21:38  Pylon  
  136  21:44  Pylon  
  136  21:45  Pylon  
Show
View Real Time Build Order
Export as new Build Order

FrogMint Zerg - Winner!

Build Orders: Pool First, Muta Ling Bane 

Get SALT Encoding   

  12  0:02  Drone  
  13  0:12  Overlord  
  13  0:25  Drone  
  14  0:31  Drone x2  
  16  0:42  Spawning Pool  
  16  0:47  Extractor  
  14  0:50  Drone  
  14  0:52  Drone  
  16  0:58  Drone  
  17  1:08  Drone  
  18  1:34  Hatchery, Queen  
  19  1:49  Drone x3  
  22  1:57  Metabolic Boost  
  22  2:07  Overlord  
  22  2:19  Overlord  
  22  2:25  Queen  
  22  2:26  Zergling x2  
  25  2:38  Drone  
  25  2:44  Drone x3  
  29  2:57  Zergling x4  
  31  3:01  Queen  
  33  3:12  Overlord  
  33  3:15  Zergling x4  
  35  3:26  Queen  
  37  3:27  Drone x2  
  37  3:28  Drone  
  37  4:04  Drone x2  
  37  4:05  Drone x2, Lair  
  37  4:09  Extractor  
  40  4:11  Drone, Overlord x2  
  41  4:26  Baneling Nest  
  41  4:29  Drone x3  
  43  4:43  Drone x3  
  43  4:45  Drone x2  
  48  4:47  Drone x4  
  48  4:48  Queen  
  54  5:00  Spore Crawler  
  53  5:08  Zergling x2  
  53  5:09  Zergling x8  
  58  5:32  Zergling x6  
  58  5:33  Zergling x12  
  67  5:40  Overseer  
  66  5:47  Spore Crawler  
  66  5:49  Spine Crawler  
  63  5:55  Extractor  
  62  5:57  Drone x2  
  62  6:02  Zergling x2  
  62  6:03  Zergling x6  
  68  6:05  Overlord x2  
  68  6:38  Drone x3  
  68  6:39  Drone  
  72  6:45  Spire  
  71  7:05  Centrifical Hooks  
  71  7:27  Baneling x4  
  71  7:28  Baneling x6  
  71  7:29  Baneling x2  
  63  7:52  Zergling x2  
  63  7:53  Zergling x24  
  73  8:02  Overlord x2  
  73  8:03  Mutalisk x3, Overlord x2  
  76  8:14  Drone, Extractor  
  76  8:15  Overlord x2  
  76  8:16  Overlord x2  
  76  8:19  Baneling x4  
  76  8:20  Baneling x4  
  76  8:22  Baneling x6  
  76  8:27  Zerg Flyer Weapons Level 1  
  76  8:40  Hatchery  
  74  9:06  Mutalisk x2  
  74  9:07  Mutalisk x3  
  84  9:33  Mutalisk x2  
  88  10:02  Drone  
  88  10:03  Drone, Overlord x2  
  88  10:04  Mutalisk x3, Drone x4  
  100  10:19  Spore Crawler  
  99  10:52  Mutalisk x2  
  99  10:53  Mutalisk x3  
  109  11:00  Zergling x14  
  116  11:14  Drone  
  117  11:26  Zergling x2  
  117  11:27  Zergling x14  
  123  12:02  Zergling x6  
  123  12:03  Zergling x6  
  129  12:12  Zergling x26  
  85  12:38  Zergling x4  
  84  12:49  Baneling x15  
  84  12:50  Baneling x10  
  71  12:52  Zergling x18  
  71  12:53  Zergling x6  
  65  13:17  Baneling  
  65  13:18  Baneling x16  
  60  13:23  Zergling x22  
  61  13:38  Zergling x2  
  61  13:39  Zergling x8  
  48  13:51  Zergling x4  
  48  14:01  Baneling x7  
  48  14:07  Lair  
  48  14:31  Drone x2  
  48  14:32  Drone x2  
  49  14:41  Hatchery  
  49  14:43  Drone x2  
  49  14:44  Hatchery  
  49  14:53  Zergling x2  
  49  14:54  Zergling x20  
  60  15:16  Zergling x2  
  60  15:17  Zergling x8  
  62  15:45  Overlord x3  
  62  15:49  Spore Crawler x2  
  60  15:54  Spine Crawler  
  59  16:05  Overseer  
  59  16:20  Zergling x2  
  59  16:21  Zergling x34  
  77  16:37  Baneling  
  77  16:38  Baneling x15  
  77  16:41  Zergling x12  
  83  17:05  Evolution Chamber  
  50  17:42  Zergling x2  
  50  17:43  Zergling x36  
  56  17:56  Overseer  
  56  18:07  Hatchery  
  55  18:15  Overseer  
  55  18:19  Zergling x18  
  62  18:50  Baneling Nest  
  59  19:08  Zergling x16  
  59  19:09  Zergling x34  
  32  19:44  Zergling x2  
  32  19:45  Zergling x14  
  21  20:12  Zergling x2  
  21  20:13  Zergling x6  
  17  21:13  Zergling x2  
  17  21:14  Zergling x10  
Tags
 
Add a new tag
Caveats
  • Supply blocks, unpowered buildings, or Contaminate may cause inaccurate times.
  • Supply counts are checked every 10 seconds.